 Dungeon Crawl Stone Soup version 0.30-a0-1066-g63dfefce0d (webtiles) character file.

Game seed: 5192086151128570248

228 domi the Digger (level 6, -1/45 HPs)
             Began as a Meteoran Earth Elementalist on Apr 13, 2023.
             Was a Follower of Dithmenos.
             Slain by an iron imp (7 damage)
             ... summoned by Eustachio
             ... on level 6 of the Dungeon.
             The game lasted 00:08:05 (660 turns).

domi the Digger (Meteoran Earth Elementalist)        Turns: 660, Time: 00:08:05

Health: -1/45      AC:  5    Str: 10    XL:     6   Next: 48%
Magic:  11/11      EV: 12    Int: 19    God:    Dithmenos [*.....]
Gold:   131        SH:  0    Dex: 14    Spells: 4/10 levels left

rFire   . . .      SeeInvis .    m - +2 spear (venom)
rCold   . . .      Faith    .    (no shield)
rNeg    . . .      Spirit   .    a - +0 robe
rPois   .          Reflect  .    (no helmet)
rElec   .          Rampage  .    (no cloak)
rCorr   .                        e - +0 pair of gloves
Will    .....                    c - +1 pair of boots
Stlth   +                        j - amulet of the acrobat
HPRegen 0.27/turn                (no ring)
MPRegen 0.12/turn                (no ring)

@: mighty, glowing
A: sense surroundings 1, otherworldly, glowing, explore regen
a: Renounce Religion


You were on level 6 of the Dungeon.
You worshipped Dithmenos.
Dithmenos was aware of your devotion.
You visited 1 branch of the dungeon, and saw 6 of its levels.

You collected 131 gold pieces.

Inventory:

Hand Weapons
 m - a +2 spear of venom (weapon)
   (You took it off a gnoll on level 5 of the Dungeon)
Armour
 a - a +0 robe (worn)
 c - a +1 pair of boots (worn)
   (You found it on level 1 of the Dungeon)
 e - a +0 pair of gloves (worn)
   (You found it on level 4 of the Dungeon)
Magical Staves
 g - a staff of poison {rPois}
   (You found it on level 4 of the Dungeon)
Jewellery
 f - a ring of fire {rF+, rC-}
   (You found it on level 1 of the Dungeon)
 j - an amulet of the acrobat (around neck)
   (You found it on level 4 of the Dungeon)
Potions
 b - a potion of magic
 d - a potion of curing {@q1}
 h - a potion of might
 i - a potion of lignification {unknown}
 k - a potion of degeneration {unknown}
 l - a potion of mutation {unknown}
 n - a potion of berserk rage {unknown}


   Skills:
 - Level 2.4 Dodging
 - Level 1.4 Stealth
 - Level 2.6 Spellcasting
 + Level 1.4 Conjurations
 - Level 1.2 Transmutations
 + Level 6.3 Earth Magic
 + Level 4.4 Invocations


You had 4 spell levels left.
You knew the following spells:

 Your Spells              Type           Power      Damage    Failure   Level
x - Stone Arrow           Conj/Erth      34%        3d9       10%         3
z - Sandblast             Erth           52%        2d12      1%          1
N - Passwall              Tmut/Erth      13%        N/A       4%          2

Your spell library contained the following spells:

 Spells                   Type           Power      Damage    Failure   Level
 Petrify                  Tmut/Erth      16%        N/A       32%         4


Dungeon Overview and Level Annotations

Branches:
Dungeon (6/15) Zot: 2894
 Temple: D:4-7

Altars:
Dithmenos
Zin

Annotations:
D:6 Eustachio


Innate Abilities, Weirdness & Mutations

You passively map a small area around you.
You are easily found by Zot.
You glow in the dark.
You regain HP and MP as you explore.


Message History

You feel sick.
Aim: a gnoll, wielding a +2 spear of venom (severely wounded, 85% to hit)
The blast of sand hits the gnoll.
You feel sick.
The gnoll hits you from afar with a +2 spear of venom.
You are more poisoned.
Found an escape hatch in the ceiling.
You feel very sick.
Aim: a gnoll, wielding a +2 spear of venom (almost dead, 85% to hit)
The blast of sand hits the gnoll!
You kill the gnoll!
Dithmenos accepts your kill.
You feel very sick.
You feel sick.
You feel sick.
There is a stone staircase leading down here.
You see here a +2 spear of venom.
m - a +2 spear of venom You feel sick.
You feel sick.
You feel sick.
Items here: ))) [ †.
Okay, then.
Your +2 spear of venom begins to drip with poison!
m - a +2 spear of venom (weapon)
You feel sick.
You are no longer poisoned.
You see here a +0 whip.
n - a fuming cyan potion
Things that are here:
a +0 spear; a gnoll corpse
Found a stone staircase leading down.
There is a stone staircase leading down here.
You climb downwards.
Eustachio shouts!
There is a stone staircase leading up here.
Aim: Eustachio, wielding a +1 rapier of protection and wearing a +0 leather armour (56% to hit)
The stone arrow hits Eustachio!
Eustachio casts a spell.
Aim: Eustachio, wielding a +1 rapier of protection and wearing a +0 leather armour (moderately wounded, 56% to hit)
The stone arrow hits Eustachio but does no damage.
Eustachio casts a spell.
Eustachio blinks!
Aim: an iron imp (summoned, umbra, 87% to hit)
The blast of sand hits the iron imp but does no damage.
The iron imp shouts, "Escape, thou bumbling rump-fed swadder!"
The iron imp closely misses you. The ufetubus hits you.
The ufetubus hits you but does no damage.
The iron imp hits you.
Aim: an iron imp (summoned, umbra, 87% to hit)
The blast of sand hits the iron imp.
The ufetubus closely misses you. The ufetubus hits you.
The ufetubus hits you but does no damage.
The ufetubus hits you. The iron imp hits you.
Aim: an iron imp (moderately wounded, summoned, umbra, 87% to hit)
The blast of sand hits the iron imp but does no damage.
The iron imp hits you but does no damage.
Aim: an iron imp (lightly wounded, summoned, umbra, 87% to hit)
The blast of sand hits the iron imp!
Eustachio mumbles some strange words.
The iron imp closely misses you. The iron imp misses you.
Eustachio calls on the powers of shadow!
Aim: Eustachio, wielding a +1 rapier of protection and wearing a +0 leather armour (moderately wounded, umbra, 76% to hit)
The blast of sand hits Eustachio.
The bat hits you but does no damage.
The iron imp shouts, "Turn tail, thou paunchy hedge-born pissant!"
The iron imp hits you. x2; Eustachio closely misses you.
Aim: a quokka (summoned, 76% to hit)
The blast of sand hits Eustachio but does no damage.
The bat hits you but does no damage. x2; The iron imp completely misses you.
The iron imp hits you.
Eustachio hits you with a +1 rapier of protection!
Eustachio hits you with a +1 rapier of protection.
The iron imp barely misses you. The iron imp misses you.
You hit Eustachio.
Eustachio is poisoned.
The bat hits you but does no damage. The bat closely misses you.
Eustachio barely misses you.
You barely miss Eustachio. The bat hits you but does no damage.
The iron imp barely misses you. The iron imp hits you.
* * * LOW HITPOINT WARNING * * *
Eustachio casts a spell.
Eustachio blinks!
Unknown command.
You aren't carrying any items that you can evoke.
Unknown command.
You feel better.
The iron imp disappears in a puff of smoke!
The bat closely misses you. The iron imp hits you!
* * * LOW HITPOINT WARNING * * *
The quokka misses you. Magic courses through your body. The bat hits you.
* * * LOW HITPOINT WARNING * * *
The quokka bites you.
* * * LOW HITPOINT WARNING * * *
The iron imp hits you.
* * * LOW HITPOINT WARNING * * *
Okay, then.
It was a potion of might.
You feel very mighty all of a sudden. The quokka barely misses you.
The bat barely misses you.
Eustachio mumbles some strange words.
The iron imp hits you!
You die...

* , , #. ..#
, #. ..#
######. ..#
*
....b..#..#,
....b..... ,
, *#@.r...,
, #.#.br#,*
* #....@#,
,, , ** *
##.#5## ,, ,
* , ... , *
* #.#.* ,
#.#. , # ..,
, , *#. ,*
#. , *


You could see Eustachio (very poisoned), an iron imp (summoned), a river rat
(summoned), a quokka (summoned, expiring) and 3 bats.

Vanquished Creatures
  A gnoll bouda (D:5)
  2 hounds
  An orc wizard (D:3)
  5 gnolls (D:5)
  3 adders
  A worm (D:3)
  A dart slug (D:3)
  2 orcs (D:3)
  3 endoplasms
  2 giant cockroaches (D:1)
  A hobgoblin (D:4)
  6 jackals
  3 quokkas
  6 ball pythons
  4 frilled lizards
  2 goblins
  A kobold (D:4)
44 creatures vanquished.

Notes
Turn   | Place    | Note
-------+----------+-------------------------------------------
     0 | D:1      | domi the Meteoran Earth Elementalist began the quest for
                  | the Orb.
     0 | D:1      | Reached XP level 1. HP: 14/14 MP: 5/5
    48 | D:1      | Reached skill level 4 in Earth Magic
    82 | D:1      | Reached XP level 2. HP: 20/20 MP: 3/6
   127 | D:2      | Found a shadowy altar of Dithmenos.
   135 | D:2      | Became a worshipper of Dithmenos the Shadowed
   162 | D:2      | Learned a level 2 spell: Passwall
   228 | D:2      | Reached skill level 1 in Invocations
   228 | D:2      | Reached XP level 3. HP: 15/26 MP: 0/8
   266 | D:3      | Reached skill level 5 in Earth Magic
   266 | D:3      | Reached skill level 2 in Invocations
   266 | D:3      | Reached XP level 4. HP: 17/33 MP: 4/9
   274 | D:3      | Learned a level 3 spell: Stone Arrow
   382 | D:4      | Found a glowing silver altar of Zin.
   457 | D:4      | Reached skill level 3 in Invocations
   457 | D:4      | Reached XP level 5. HP: 38/38 MP: 8/10
   510 | D:5      | Entered Level 5 of the Dungeon
   595 | D:5      | Reached skill level 6 in Earth Magic
   595 | D:5      | Reached XP level 6. HP: 45/45 MP: 9/11
   597 | D:5      | Reached skill level 4 in Invocations
   598 | D:5      | Reached * piety under Dithmenos
   602 | D:5      | Reached skill level 1 in Conjurations
   647 | D:6      | Noticed Eustachio
   659 | D:6      | HP: 10/45 [quokka[Eustachio] (2)]
   660 | D:6      | Slain by an iron imp

Illustrated notes

Levels and vault maps discovered:
D:1:      denvon_arrival_planthouse, layout_rooms
D:2:      wad_lake_hut, layout_loops_ring, basic_altar
D:3:      layout_loops_ring, chequers_serial_rivers_micro_d
D:4:      layout_rooms, mainiacjoe_overflow_chevrons, serial_shops, shop
D:5:      layout_loops_ring, portal_sewer_entry_b
D:6:      layout_basic, nicolae_tso_besieged_by_evil, uniq_eustachio,
          uniq_grinder

Skill      XL: |  1  2  3  4  5  6 |
---------------+-------------------+-----
Earth Magic    | 4 5 6 |  6.3
Invocations    | 1 2 3 4 |  4.4
Conjurations   | 1 |  1.4
Dodging        | |  2.4
Stealth        | |  1.4
Spellcasting   | |  2.6
Transmutations | |  1.2

Action                     |  1- 3 |  4- 6 || total
---------------------------+-------+-------++-------
  Melee: Unarmed           |     1 |       ||     1
         Spear             |       |     2 ||     2
   Cast: Sandblast         |    34 |    54 ||    88
         Passwall          |     3 |       ||     3
         Stone Arrow       |       |     2 ||     2
    Use: Scroll            |       |     2 ||     2
         Potion            |       |     3 ||     3
 Armour: Robe              |     7 |    12 ||    19
  Dodge: Dodged            |     8 |    33 ||    41

Table legend: (Time is in decaauts)
 A = Elapsed time spent in this place.
 B = Non-inter-level travel time spent in this place.
 C = Inter-level travel time spent in this place.
 D = Time resting spent in this place.
 E = Time spent auto-exploring this place.
 F = Levels seen in this place.
 G = Mean time per level.
                   A        B        C        D        E       F      G
               +--------+--------+--------+--------+--------+-----+--------+
         Total |    704 |    702 |      2 |      0 |      0 |   6 |  117.3 |
       Dungeon |    704 |    702 |      2 |      0 |      0 |   6 |  117.3 |
               +--------+--------+--------+--------+--------+-----+--------+

Top non-repeatable levels by time:
     D:4: 158 daAuts
     D:5: 147 daAuts
     D:1: 135 daAuts
     D:3: 128 daAuts
     D:2: 118 daAuts
     D:6: 15 daAuts

Table legend:
 A = Kills in this place as a percentage of kills in the entire game.
 B = Kills by you in this place as a percentage of kills by you in the entire game.
 C = Kills by friends in this place as a percentage of kills by friends in the entire game.
 D = Other kills in this place as a percentage of other kills in the entire game.
 E = Experience gained in this place as a percentage of experience gained in the entire game.
 F = Experience gained in this place divided by the number of levels of this place that you have seen.
                   A       B       C       D       E      F
               +-------+-------+-------+-------+-------+----------------------
         Total | 100.0 | 100.0 |   N/A |   N/A | 100.0 |  54.5
       Dungeon | 100.0 | 100.0 |   N/A |   N/A | 100.0 |  54.5
               +-------+-------+-------+-------+-------+----------------------
